 Dungeon Crawl Stone Soup version 0.19-a0-526-gbe2e51c (webtiles) character file.

76 mistymad the Sneak (level 4, -3/31 HPs)
             Began as a Vampire Enchanter on June 7, 2016.
             Shot with an arrow by a centaur (8 damage)
             ... on level 3 of the Dungeon.
             The game lasted 00:02:52 (1474 turns).

mistymad the Sneak (Vampire Enchanter)              Turns: 1474, Time: 00:02:53

Health: -3/31      AC:  3    Str:  7    XL:     4   Next: 12%
Magic:  5/7        EV: 13    Int: 17    God:
Gold:   84         SH:  0    Dex: 15    Spells: 2 memorised, 4 levels left

rFire  . . .     SeeInvis +     a - +1 dagger
rCold  + . .     Gourm    .     b - +1 robe
rNeg   + + .     Faith    .     (no shield)
rPois  +         Spirit   .     (no helmet)
rElec  .         Dismiss  .     (no cloak)
rCorr  .         Reflect  .     (no gloves)
SustAt .         Harm     .     (no boots)
MR     .....                    (no amulet)
Stlth  ++++......               (no ring)
                                (no ring)

@: regenerating slowly, not resistant to hostile enchantments, stealthy
A: fangs 3, see invisible, unbreathing
a: Bat Form


You were on level 3 of the Dungeon.
You were thirsty.

You visited 1 branch of the dungeon, and saw 3 of its levels.

You collected 84 gold pieces.

Inventory:

Hand Weapons
 a - a +1 dagger (weapon)
Armour
 b - a +1 robe (worn)
Wands
 l - a wand of random effects (32/48)
Scrolls
 e - 3 scrolls of amnesia {unknown}
 f - a scroll of teleportation {unknown}
 i - a scroll of recharging {unknown}
 j - a scroll of fog {unknown}
 k - a scroll of blinking {unknown}
 m - 2 scrolls of identify {unknown}
 o - a scroll of random uselessness {unknown}
Potions
 d - 9 potions of blood
 g - a potion of haste {unknown}
 h - 2 potions of cure mutation {unknown}
 n - a potion of resistance {unknown}
 p - 2 potions of might {unknown}
Books
 c - a book of Maledictions

   Spells                             Type                      Level
   a - Corona                         Hexes                        1
   b - Ensorcelled Hibernation        Hexes/Ice                    2
   c - Confuse                        Hexes                        3
   d - Tukima's Dance                 Hexes                        3
   e - Dazzling Spray                 Conjuration/Hexes            3


   Skills:
 + Level 0.3 Fighting
 + Level 1.2 Short Blades
 + Level 2.9 Dodging
 + Level 6.0 Stealth
 + Level 2.1 Spellcasting
 + Level 5.0 Hexes
 + Level 0.8 Ice Magic


You had 4 spell levels left.
You knew the following spells:

 Your Spells              Type           Power        Failure   Level  Hunger
a - Corona                Hex            ###....      2%          1    #......
b - Ensorcelled Hibernat  Hex/Ice        ##....       12%         2    ###....


Dungeon Overview and Level Annotations

Branches:
Dungeon (3/15)

Altars:
Gozag


Innate Abilities, Weirdness & Mutations

You heal slowly.
You have razor-sharp teeth.
You have supernaturally acute eyesight. (SInv)
You can survive without breathing.


Message History

The centaur looks drowsy...
You now have 5/7 mp.
The centaur shouts!
The centaur unwields an uncursed shortbow.
The centaur hits you. The centaur closely misses you.
You take 3 damage, and have 28/31 hp.
Casting: Ensorcelled Hibernation
Confirm with . or Enter, or press ? or * to list all spells.
Okay, then.
The centaur wields an uncursed shortbow.
The centaur shoots an arrow.
The arrow hits you!
Ouch! That really hurt!
You see here an arrow.
You take 16 damage, and have 12/31 hp.
MASSIVE DAMAGE!!
The centaur shoots an arrow.
The arrow hits you!
* * * LOW HITPOINT WARNING * * *
You see here an arrow.
You take 7 damage, and have 5/31 hp.
MASSIVE DAMAGE!!
The centaur shoots an arrow.
The arrow hits you!
You die...

#....(.......#
#..%...#...#.
#^....!#l.##
#.###....#
#.........######.#
..........rc../...#
.(.%.####.(((######
..#. #.##(## . .
...##@.## .
..........#########
###....##....##....#
#.##>>...........#
... #####.####....#
#.........######
...###..........
.#### ###....†... #.
#########


You could see a centaur, a giant newt and a rat.

Vanquished Creatures
  A hound (D:3)
  An adder (D:2)
  2 worms
  2 giant geckos
  7 hobgoblins
  3 kobolds
  A ball python (D:3)
  3 bats (D:2)
  2 giant newts (D:1)
  4 goblins
  5 rats
31 creatures vanquished.

Notes
Turn   | Place    | Note
--------------------------------------------------------------
     0 | D:1      | mistymad the Vampire Enchanter began the quest for the Orb.
     0 | D:1      | Reached XP level 1. HP: 13/13 MP: 3/3
   360 | D:1      | Reached XP level 2. HP: 18/19 MP: 5/5
   512 | D:1      | Learned a level 2 spell: Ensorcelled Hibernation
   538 | D:1      | Reached skill level 5 in Stealth
   884 | D:2      | Reached skill level 5 in Hexes
   884 | D:2      | Reached XP level 3. HP: 6/24 MP: 0/6
  1345 | D:2      | Found an opulent altar of Gozag.
  1439 | D:3      | Reached skill level 6 in Stealth
  1439 | D:3      | Reached XP level 4. HP: 30/30 MP: 4/7
  1457 | D:3      | Noticed a centaur
  1474 | D:3      | Shot with an arrow by a centaur

Vault maps used:
D:1:      evilmike_arrival_home_sweet_home
D:2:      grunt_gozag_statues, first_bread
D:3:      nicolae_ru_the_path_less_chosen, uniq_jessica

Skill      XL: |  1  2  3 |
---------------+----------+-----
Stealth        | 5 6 |  6.0
Hexes          | 5 |  5.0
Fighting       | |  0.3
Short Blades   | |  1.2
Dodging        | |  2.9
Spellcasting   | |  2.1
Ice Magic      | |  0.8

Action                   |  1- 3 |  4- 6 || total
-------------------------+-------+-------++-------
Melee: Dagger            |    73 |     1 ||    74
       Bite              |     5 |       ||     5
 Cast: Corona            |     1 |       ||     1
       Ensorcelled Hiber |     9 |     1 ||    10
  Use: Potion            |     1 |       ||     1
 Stab: Sleeping          |    18 |     1 ||    19
Armor: Robe              |    19 |       ||    19
Dodge: Dodged            |    47 |     4 ||    51
